 Dungeon Crawl Stone Soup version 0.30-a0-777-ga9a30cbeda (webtiles) character file.

Game seed: 5451456721895005794

178805 octoduck the Gelid (level 17, -11/135 HPs)
             Began as a Merfolk Ice Elementalist on Feb 13, 2023.
             Was an Initiate of Gozag.
             Mangled by a jumping spider (21 damage)
             ... on level 2 of the Spider Nest on Feb 15, 2023.
             The game lasted 03:35:07 (59469 turns).

octoduck the Gelid (Merfolk Ice Elementalist)      Turns: 59469, Time: 03:35:08

Health: -11/135    AC: 19    Str: 21    XL:     17   Next: 88%
Magic:  25/25      EV:  9    Int: 20    God:    Gozag
Gold:   2740       SH:  0    Dex: 16    Spells: 4/27 levels left

rFire   . . .      SeeInvis .    d - +3 demon trident (freeze)
rCold   . . .      Faith    .    Q - +3 warlock's mirror {omnireflect}
rNeg    . . .      Spirit   .    U - +4 ring mail {Will+}
rPois   +          Reflect  +    q - +2 helmet of the Gusle {Rampage}
rElec   .          Harm     .    y - +2 cloak {rPois}
rCorr   .          Rampage  +    c - +0 pair of gloves
Will    ++...                    S - +0 pair of boots Stlth
                                 B - amulet of reflection
HPRegen 0.42/turn                D - +6 ring of intelligence
MPRegen 0.19/turn                z - +6 ring of strength

@: confused, held, slowed, studying Shields, very slow
A: (nimble swimmer 2), mertail
}: 1/15 runes: decaying
a: Renounce Religion, Potion Petition, Call Merchant, Bribe Branch


You were on level 2 of the Spider Nest.
You worshipped Gozag.
Gozag was most pleased with you.
You visited 6 branches of the dungeon, and saw 29 of its levels.
You also visited: Bailey.

You collected 11277 gold pieces.
You spent 1049 gold pieces at shops.
You paid 7488 gold pieces to Gozag.

Inventory:

Hand Weapons
 d - a +3 demon trident of freezing (weapon)
Missiles
 N - 5 javelins
 T - 5 throwing nets (quivered)
Armour
 c - a +0 pair of gloves (worn)
 l - a +2 ring mail of fire resistance
 q - the +2 helmet of the Gusle (worn) {Rampage}
   (You found it on level 10 of the Dungeon)

   Rampage:   It bestows one free step when moving towards enemies.
 t - a +2 leather armour of fire resistance
 y - a +2 cloak of poison resistance (worn)
 Q - the +3 warlock's mirror (worn) {omnireflect}
   (You acquired it on level 11 of the Dungeon)

   Omnireflect: It can block and reflect piercing ranged attacks and magical
   attacks against the wielder's willpower.
 S - a +0 pair of boots (worn)
 U - a +4 ring mail of willpower (worn)
Jewellery
 a - a ring of willpower
 m - an amulet of regeneration
 w - a ring of protection from fire
 z - a +6 ring of strength (right hand)
 A - a +6 ring of dexterity
 B - an amulet of reflection (around neck)
 D - a +6 ring of intelligence (left hand)
Wands
 u - a wand of charming (27)
 x - a wand of acid (6)
 G - a wand of flame (16)
 K - a wand of roots (5)
 V - a wand of digging (6)
Scrolls
 f - 2 scrolls of magic mapping
 g - 7 scrolls of poison
 k - 5 scrolls of vulnerability
 p - 3 scrolls of silence
 r - 17 scrolls of teleportation
 s - 7 scrolls of blinking
 C - 6 scrolls of enchant armour
 J - a scroll of amnesia
 P - 3 scrolls of fear
 R - 3 scrolls of fog
 Y - a scroll of butterflies
 Z - 5 scrolls of identify
Potions
 b - 3 potions of magic
 e - 6 potions of curing
 h - a potion of invisibility
 i - 8 potions of ambrosia
 j - 6 potions of lignification
 n - 4 potions of brilliance
 o - 4 potions of haste
 v - 6 potions of flight
 E - 2 potions of cancellation
 M - 4 potions of heal wounds
 W - a potion of berserk rage
 X - 2 potions of might
Miscellaneous
 I - a phantom mirror
 O - a piece from Xom's chessboard (15/15)


   Skills:
 - Level 12.8 Fighting
 - Level 18.1 Polearms
 - Level 7.2 Armour
 - Level 13.7 Dodging
 - Level 2.1 Stealth
 - Level 11.0 Shields
 - Level 5.7 Spellcasting
 + Level 1.9 Conjurations
 - Level 5.6 Hexes
 - Level 6.2 Summonings
 + Level 3.2 Transmutations
 - Level 18.8 Ice Magic
 - Level 6.9 Evocations


You had 4 spell levels left.
You knew the following spells:

 Your Spells              Type           Power      Damage    Failure   Level
a - Freeze                Ice            100%       1d10      0%          1
b - Frozen Ramparts       Ice            100%       1d16      1%          3
c - Ozocubu's Armour      Ice            69%        N/A       1%          3
d - Summon Ice Beast      Ice/Summ       54%        N/A       1%          4
e - Metabolic Englaciati  Hex/Ice        26%        N/A       3%          5
f - Ozocubu's Refrigerat  Ice            34%        4d15      8%          7

Your spell library contained the following spells:

 Spells                   Type           Power      Damage    Failure   Level
 Ensorcelled Hibernation  Hex/Ice        100%       N/A       1%          2
 Hailstorm                Conj/Ice       47%        3d11      1%          3
 Call Imp                 Summ           30%        N/A       2%          2
 Call Canine Familiar     Summ           30%        N/A       4%          3
 Beastly Appendage        Tmut           36%        N/A       5%          1
 Confusing Touch          Hex            28%        N/A       6%          3
 Wereblood                Tmut           18%        N/A       8%          2
 Magic Dart               Conj           52%        1d5       9%          1
 Foxfire                  Conj/Fire      36%        2x1d5     13%         1
 Kiss of Death            Conj/Necr      36%        2d8       13%         1
 Dazzling Flash           Conj/Hex       40%        N/A       13%         3
 Passwall                 Tmut/Erth      10%        N/A       16%         2
 Inner Flame              Hex/Fire       16%        N/A       19%         3
 Portal Projectile        Hex/Tloc       32%        N/A       19%         3
 Apportation              Tloc           10%        N/A       21%         1
 Cause Fear               Hex            14%        N/A       21%         4
 Cigotuvi's Dreadful Rot  Necr/Pois/Air  10%        N/A       30%         2
 Poisonous Vapours        Pois/Air       10%        N/A       30%         2
 Spider Form              Tmut/Pois      12%        N/A       30%         3
 Mephitic Cloud           Conj/Pois/Air  8%         N/A       41%         3
 Summon Lightning Spire   Summ/Air       18%        N/A       47%         4
 Swiftness                Air            5%         N/A       52%         3
 Leda's Liquefaction      Hex/Erth       8%         N/A       54%         4
 Iskenderun's Mystic Bla  Conj/Tloc      9%         2d4       78%         4
 Airstrike                Air            2%         2d(1-17)  89%         4
 Dispel Undead            Necr           5%         3d7       89%         4
 Blade Hands              Tmut           9%         N/A       82%         5
 Irradiate                Conj/Tmut      8%         3d14      88%         5
 Alistair's Intoxication  Tmut/Pois      8%         N/A       96%         5
 Fireball                 Conj/Fire      4%         3d4       98%         5
 Lightning Bolt           Conj/Air       4%         1d16      98%         5
 Borgnjor's Vile Clutch   Necr/Erth      2%         N/A       99%         5
 Death Channel            Necr           2%         N/A       100%        6
 Starburst                Conj/Fire      4%         6d4       100%        6
 Dragon Form              Tmut           9%         N/A       100%        7
 Discord                  Hex            14%        N/A       100%        8
 Animate Dead             Necr           Unusable   N/A       N/A         4
 Simulacrum               Ice/Necr       Unusable   N/A       N/A         6

Dungeon Overview and Level Annotations

Branches:
Dungeon (15/15)            Temple (1/1) D:4            Lair (5/5) D:9
  Swamp (4/4) Lair:3       Spider (2/4) Lair:2        Slime (0/5) Lair:5
    Orc (2/2) D:11            Elf (0/3) Orc:2        Vaults (0/5) D:13
 Depths (0/4) D:15         Bailey (visited)

Altars:
Ashenzari
Cheibriados
Dithmenos
Elyvilon
Fedhas
Gozag
Hepliaklqana
Kikubaaqudgha
Makhleb
Nemelex Xobeh
Okawaru
Qazlal
Ru
Sif Muna
Trog
Uskayaw
Vehumet
Wu Jian
Xom
Yredelemnul
Zin
The Shining One

Shops:
D:1 (   D:5 *   D:7 (   D:12 (   D:14 *   Orc:1 [   Orc:2 =!([   Lair:2 ?

Annotations:
Spider:2 1 runed translucent door, oldriver's ghost, adept MeHu


Innate Abilities, Weirdness & Mutations

((You are very nimble when in or above water. (Stealth+, EV+, Speed+++)))
Your lower body shifts to a powerful aquatic tail in water.


Message History

The culicivora bites you but does no damage.
The jumping spider pounces on you but does no damage.
The jumping spider bites you but does no damage.
The moth of wrath bites you but does no damage.
The redback bites you but does no damage.
The culicivora barely misses you.
The tarantella touches you but does no damage.
The jumping spider barely misses you.
The jumping spider bites you but does no damage.
The moth of wrath bites you! The redback bites you.
The culicivora bites you but does no damage.
The tarantella touches you. The torpor snail bites you!
The culicivora's many legs skitter faintly.
You block the jumping spider's attack. x2
The tarantella touches you but does no damage.
You block the jumping spider's attack. The jumping spider closely misses you.
You block the tarantella's attack.
The redback bites you but does no damage.
You block the culicivora's attack. The jumping spider misses you.
The jumping spider bites you but does no damage.
The moth of wrath completely misses you.
The tarantella touches you.
* * * LOW HITPOINT WARNING * * *
The culicivora closely misses you. The redback misses you.
The torpor snail bites you but does no damage.
The jumping spider pounces on you!!
* * * LOW HITPOINT WARNING * * *
You are caught in a web!
The jumping spider bites you!
* * * LOW HITPOINT WARNING * * *
The moth of wrath bites you but does no damage.
As you read the scroll of fear, it crumbles to dust.
You assume a fearsome visage.
The tarantella is unaffected.
The moth of wrath looks frightened!
The jumping spider is unaffected.
The torpor snail looks frightened!
The redback looks frightened!
The culicivora looks frightened! x2; The tarantella touches you.
* * * LOW HITPOINT WARNING * * *
You are confused.
The jumping spider pounces on you!!
You die...
Your body crumbles into a pile of gold.

$ ..#^. ..... .
....# .....^#^
.. ^#.. ......^.
... ...#..#...#.
#..#...#.......
.. $
#.#......#..#..#
...
........w.......
.#.#.
.....^s@s.s..../
.....>
#...#.yss......#
#...#.
.....#..<....#..
.#.#..
......#........#
.....
......#.........
...^#
.#.[............
#.....
......#.......^
......
....[.........#
.....
......#.....
..#.


You could see a torpor snail (fleeing), a moth of wrath (fleeing), 2
culicivoras, a jumping spider (berserk), a tarantella (berserk) and a redback
(fleeing).

Vanquished Creatures
  Agnes (Spider:1)
  Frances (D:12)
  A fenstrider witch (Swamp:4)
  Aizul (Swamp:1)
  Louise (D:14)
  An orc warlord (D:11)
  A dire elephant (D:15)
  Nessos (D:13)
  5 eleionomae (Swamp:1)
  6 bunyips
  Snorg (Orc:2)
  2 shambling mangroves
  2 entropy weavers
  6 hydras
  A spriggan air mage (Swamp:3)
  A radroach (Spider:1)
  A death knight (D:15)
  3 ogre magi
  2 catoblepae
  4 centaur warriors
  2 death yaks (Lair:5)
  2 boulder beetles
  10 two-headed ogres
  8 alligators
  A deep troll shaman (Lair:5)
  2 tengu warriors (D:15)
  Urug (D:13)
  10 spriggans
  A spriggan berserker (Swamp:3)
  3 orc high priests
  5 skeletal warriors
  2 skysharks
  4 goliath frogs
  4 spriggan druids
  9 swamp dragons
  3 orb spiders (Spider:1)
  2 bog bodies
  6 orc knights
  3 lindwurms
  2 wizards
  2 phantasmal warriors (D:15)
  A spectral hydra (Lair:3)
  2 wolf spiders
  10 ugly things
  2 deep elf pyromancers
  6 orc sorcerers
  14 elephants
  4 cyclopes
  A salamander (D:15)
  3 will-o-the-wisps
  3 manticores
  2 moths of wrath (Spider:1)
  Joseph (D:9)
  6 demonic crawlers
  A torpor snail (Lair:2)
  7 komodo dragons
  11 cane toads
  An unseen horror (D:10)
  A freezing wraith (D:15)
  A tengu conjurer (D:15)
  An efreet (D:14)
  A queen bee (D:14)
  2 polar bears (Lair:5)
  4 tyrant leeches
  9 meliai
  12 tarantellas
  4 trolls
  8 hornets
  3 blink frogs (Lair:5)
  A spectral lindwurm (Lair:3)
  Prince Ribbit (D:6)
  7 slime creatures
  11 jumping spiders (Spider:1)
  A centaur simulacrum (D:14)
  A vampire (D:12)
  A water elemental (D:12)
  Sigmund (D:2)
  4 wyverns
  41 yaks
  3 shadows
  11 culicivoras
  3 wraiths
  3 basilisks
  15 humans (D:13)
  3 fire bats (D:10)
  26 redbacks
  Edmund (D:4)
  A spectral cane toad (Lair:3)
  8 vampire mosquitoes
  17 swamp worms
  9 water moccasins
  A hell hound (D:10)
  36 orc warriors
  13 swamp drakes
  4 ice beasts (D:7)
  3 sky beasts
  A spectral blink frog (Lair:3)
  3 black bears
  14 wolves
  15 ogres
  6 centaurs
  2 phantoms (D:3)
  15 bullfrogs
  2 necrophages
  A scorpion (D:5)
  7 wights
  36 killer bees
  15 howler monkeys
  2 electric eels (D:12)
  A crimson imp (D:4)
  2 lava snakes (D:10)
  15 orc priests
  3 hounds
  2 jellies (D:5)
  Crazy Yiuf (D:2)
  An iron imp (D:8)
  Jessica (D:2)
  6 iguanas
  18 orc wizards
  7 hell rats (Lair:2)
  Terence (D:3)
  4 gnolls
  8 river rats (Lair:2)
  12 adders
  A shadow imp (D:5)
  3 white imps
  An ufetubus (D:5)
  3 worms
  2 dart slugs
  67 orcs
  6 ball pythons
  2 bat zombies (D:14)
  6 endoplasms
  2 giant cockroaches
  12 goblins
  11 hobgoblins
  5 jackals
  5 kobolds
  8 quokkas
  9 bats
  4 frilled lizards
  13 rats
  A rat zombie (D:14)
833 creatures vanquished.

Vanquished Creatures (collateral kills)
  Jorgrun (Swamp:3)
  Rupert (D:13)
  An eleionoma (Swamp:2)
  A spark wasp (Spider:1)
  Harold (Lair:1)
  10 hydras
  A ghost crab (Lair:3)
  4 alligators
  A death yak (Lair:5)
  A spriggan berserker (Swamp:3)
  An orc high priest (Orc:2)
  A goliath frog (Swamp:1)
  A spriggan druid (Swamp:2)
  3 swamp dragons (Swamp:3)
  4 elephants
  2 guardian serpents (shapeshifter) (D:14)
  2 rime drakes (Lair:2)
  A blink frog (Lair:4)
  A hornet (Swamp:4)
  A snapping turtle (shapeshifter) (D:13)
  A slime creature (D:12)
  2 spriggans
  7 yaks
  Grum (D:9)
  A fire bat (D:10)
  Menkaure (D:4)
  2 swamp worms
  A water moccasin (Lair:5)
  2 orc warriors
  2 swamp drakes
  An ogre (Orc:2)
  A centaur (D:15)
  3 orc priests
  2 orc wizards
  10 orcs
  A quokka (Lair:2)
  A rat (Lair:2)
78 creatures vanquished.

Vanquished Creatures (others)
  An alligator (Swamp:4)
  A wizard (D:9)
  3 bloated husks
  A human (D:13)
  An orc (D:5)
  3 fire vortices (D:10)
  8 foxfires
  19 fungi
  23 plants
  4 toadstools (D:1)
64 creatures vanquished.

Grand Total: 975 creatures vanquished

Notes
Turn   | Place    | Note
-------+----------+-------------------------------------------
     0 | D:1      | octoduck the Merfolk Ice Elementalist began the quest for
                  | the Orb.
     0 | D:1      | Reached XP level 1. HP: 13/13 MP: 3/3
   216 | D:1      | Found Ohuddue's Antique Weapon Shop.
   236 | D:1      | Reached XP level 2. HP: 15/19 MP: 1/5
   354 | D:1      | Reached skill level 5 in Ice Magic
   766 | D:1      | Reached XP level 3. HP: 24/24 MP: 4/6
  1507 | D:1      | Learned a level 3 spell: Frozen Ramparts
  1778 | D:2      | Reached XP level 4. HP: 30/30 MP: 4/7
  2022 | D:2      | Noticed Sigmund
  2052 | D:2      | Found a runed translucent door.
  2053 | D:2      | Noticed Crazy Yiuf
  2105 | D:2      | Noticed Jessica
  2119 | D:2      | Killed Jessica
  2335 | D:2      | Learned a level 3 spell: Ozocubu's Armour
  2597 | D:2      | Killed Crazy Yiuf
  2598 | D:2      | Reached XP level 5. HP: 13/35 MP: 1/8
  3094 | D:3      | Noticed an orc warrior
  3109 | D:3      | Killed an orc warrior
  3110 | D:3      | Reached XP level 6. HP: 20/41 MP: 4/9
  3583 | D:3      | Reached skill level 1 in Polearms
  3744 | D:3      | Noticed Terence
  3851 | D:3      | Killed Terence
  4066 | D:3      | Identified the +3 leather armour of Pragmatism {Harm Fly
                  | Will- Str-4}
  4298 | D:3      | Reached XP level 7. HP: 11/46 MP: 2/10
  4558 | D:3      | Reached skill level 5 in Polearms
  4630 | D:4      | Noticed Edmund
  4869 | D:1      | Bought a glowing trident for 169 gold pieces
  5090 | D:4      | Found a staircase to the Ecumenical Temple.
  5094 | Temple   | Entered the Ecumenical Temple
  5347 | Temple   | Became a worshipper of Gozag Ym Sagoz the Greedy
  5448 | D:4      | Killed Edmund
  5449 | D:4      | Reached XP level 8. HP: 34/52 MP: 0/11
  5606 | D:4      | Noticed Menkaure
  5642 | D:4      | Found a burning altar of Makhleb.
  5644 | D:4      | Found a shimmering altar of Xom.
  5975 | D:5      | Entered Level 5 of the Dungeon
  6189 | D:5      | Learned a level 4 spell: Summon Ice Beast
  6805 | D:5      | Reached skill level 10 in Ice Magic
  6925 | D:5      | Found Fuacwet's Serpentskin Sales.
  6932 | D:5      | Reached skill level 5 in Dodging
  6973 | D:5      | Bought a +1 cloak of poison resistance for 148 gold pieces
  7272 | D:6      | Reached XP level 9. HP: 57/57 MP: 7/12
  7581 | D:6      | Noticed Prince Ribbit
  7594 | D:6      | Killed Prince Ribbit
  7636 | D:6      | Found a shadowy altar of Dithmenos.
  8209 | D:7      | Reached skill level 1 in Summonings
  8970 | D:7      | Found Niffy's Weapon Shoppe.
  9000 | D:7      | Bought a +2 halberd of pain for 242 gold pieces
  9123 | D:7      | Reached skill level 10 in Polearms
  9123 | D:7      | Reached XP level 10. HP: 56/63 MP: 8/13
  9157 | D:7      | Reached skill level 5 in Summonings
 10080 | D:8      | Found a snail-covered altar of Cheibriados.
 10474 | D:9      | Noticed Joseph
 10843 | D:9      | Noticed a skeletal warrior
 11166 | D:9      | Found a flagged portal.
 11183 | Bailey   | Entered a bailey
 11682 | Bailey   | Noticed an orc knight
 11716 | Bailey   | Killed an orc knight
 11717 | Bailey   | Reached XP level 11. HP: 40/68 MP: 14/14
 11841 | Bailey   | Acquired a +1 vampiric bardiche
 11843 | Bailey   | Acquired 1018 gold pieces
 12075 | D:9      | Noticed a two-headed ogre
 12090 | D:9      | Killed a two-headed ogre
 12096 | D:9      | Noticed Grum
 12112 | D:9      | Killed Grum
 12166 | D:9      | Found a staircase to the Lair.
 12264 | D:9      | Killed Joseph
 12818 | D:9      | Noticed a wizard
 12835 | D:9      | Killed a wizard
 12977 | Lair:1   | Entered Level 1 of the Lair of Beasts
 13060 | Lair:1   | Noticed Harold
 14691 | Lair:1   | Noticed a lindwurm
 14717 | Lair:1   | Killed a lindwurm
 14718 | Lair:1   | Reached skill level 10 in Dodging
 14758 | Lair:1   | Noticed a lindwurm
 14817 | Lair:1   | Killed a lindwurm
 15441 | Lair:2   | Found a hole to the Spider Nest.
 15462 | Lair:2   | Reached skill level 15 in Polearms
 15484 | Lair:2   | Reached XP level 12. HP: 68/74 MP: 0/15
 16290 | Lair:2   | Reached skill level 1 in Fighting
 16646 | Lair:2   | Noticed a boulder beetle
 16676 | Lair:2   | Killed a boulder beetle
 17524 | Lair:3   | Reached skill level 5 in Fighting
 18595 | D:2      | Killed Sigmund
 18760 | D:4      | Killed Menkaure
 19024 | Lair:1   | Killed Harold
 19025 | Lair:1   | Reached XP level 13. HP: 65/94 MP: 7/16
 20700 | Lair:5   | Entered Level 5 of the Lair of Beasts
 20765 | Lair:5   | Identified the +2 hand axe of Chance {vamp, rC+ Str+3}
 21059 | Lair:4   | Reached skill level 1 in Armour
 21160 | Lair:5   | Found a staircase to the Slime Pits.
 23016 | Lair:5   | Reached skill level 5 in Armour
 23331 | Lair:3   | Reached XP level 14. HP: 92/103 MP: 15/17
 23404 | Lair:3   | Found a staircase to the Swamp.
 24219 | D:10     | Entered Level 10 of the Dungeon
 24375 | D:10     | Found a bloodstained altar of Trog.
 24650 | D:10     | Found a sparkling altar of Nemelex Xobeh.
 24653 | D:10     | Found a glowing silver altar of Zin.
 24895 | D:10     | Found an iron altar of Okawaru.
 25029 | D:10     | Identified the +2 helmet of the Gusle {Rampage}
 25608 | D:11     | Acquired the +3 warlock's mirror {omnireflect}
 25608 | D:11     | Found the +3 warlock's mirror {omnireflect}
 25752 | D:11     | Paralysed by a hornet for 3 turns
 26039 | D:11     | Found a staircase to the Orcish Mines.
 26513 | D:12     | Noticed Frances
 26524 | D:12     | Killed Frances
 27923 | D:12     | Reached skill level 1 in Evocations
 28120 | D:12     | Reached skill level 15 in Ice Magic
 28488 | D:13     | Noticed Urug
 28488 | D:13     | Noticed Nessos
 28488 | D:13     | Noticed Rupert
 28488 | D:13     | Found a gate to the Vaults.
 28567 | D:13     | You fall into a shaft and drop 2 floors!
 28567 | D:15     | Entered Level 15 of the Dungeon
 28663 | D:14     | Found Culu Hameph's Assorted Antiques.
 28668 | D:14     | Bought a scroll labelled YTZEOSINIA for 34 gold pieces
 29643 | D:13     | Killed Urug
 29868 | Orc:1    | Entered Level 1 of the Orcish Mines
 29868 | Orc:1    | Found a bloodstained altar of Trog.
 30289 | Orc:1    | Learned a level 5 spell: Metabolic Englaciation
 30543 | Orc:1    | Found Qeisuasiff's Antique Armour Boutique.
 30842 | Orc:1    | Noticed an orc warlord
 30850 | Orc:1    | Reached skill level 5 in Evocations
 31154 | Swamp:1  | Entered Level 1 of the Swamp
 31296 | Lair:3   | Reached XP level 15. HP: 57/111 MP: 15/18
 31735 | D:11     | Killed an orc warlord
 32265 | Orc:2    | Entered Level 2 of the Orcish Mines
 33491 | Orc:2    | Found a staircase to the Elven Halls.
 33527 | Orc:2    | Noticed Snorg
 33564 | Orc:2    | Killed Snorg
 34621 | Orc:2    | Found Idoval's Armour Shoppe.
 34621 | Orc:2    | Found Duqo's Jewellery Shoppe.
 34623 | Orc:2    | Found Elaat's Distillery.
 34628 | Orc:2    | Found Plog's Weapon Shop.
 34640 | Orc:2    | Bought a potion of haste for 140 gold pieces
 34676 | Orc:2    | Bought a +0 bardiche for 126 gold pieces
 37090 | Swamp:1  | Reached skill level 1 in Hexes
 39034 | Swamp:2  | Noticed Aizul
 39445 | Swamp:1  | Reached skill level 5 in Hexes
 39646 | Swamp:1  | HP: 5/115 [poisoned by Aizul (poison arrow)]
 40084 | Swamp:1  | Killed Aizul
 40085 | Swamp:1  | Reached skill level 10 in Fighting
 40085 | Swamp:1  | Reached XP level 16. HP: 42/122 MP: 2/19
 41568 | Swamp:3  | Noticed Jorgrun
 41752 | Swamp:3  | Killed Jorgrun
 42658 | Swamp:3  | Learned a level 7 spell: Ozocubu's Refrigeration
 42677 | Swamp:4  | Entered Level 4 of the Swamp
 43805 | Swamp:4  | Noticed a fenstrider witch
 46711 | Swamp:4  | Killed a fenstrider witch
 49099 | Swamp:4  | Got a decaying rune of Zot
 49799 | D:13     | Killed Nessos
 50790 | D:13     | Killed Rupert
 50993 | D:14     | Reached XP level 17. HP: 126/135 MP: 23/23
 51346 | D:14     | Noticed Louise
 51355 | D:14     | Killed Louise
 51796 | D:14     | Reached skill level 1 in Shields
 52240 | D:14     | Found an ancient bone altar of Kikubaaqudgha.
 52621 | D:15     | Reached skill level 5 in Shields
 54169 | D:15     | Reached skill level 10 in Shields
 54285 | D:15     | Found a staircase to the Depths.
 55349 | Spider:1 | Entered Level 1 of the Spider Nest
 55385 | Spider:1 | Reached skill level 1 in Transmutations
 56252 | Orc:2    | Bought a +2 leather armour of fire resistance for 190 gold
                  | pieces
 56691 | Spider:1 | Noticed Agnes
 56735 | Spider:1 | Killed Agnes
 57087 | Spider:1 | Reached skill level 5 in Spellcasting
 58498 | Spider:2 | Found a runed translucent door.
 58499 | Spider:2 | Noticed oldriver's ghost (adept MeHu)
 58597 | Spider:2 | Reached skill level 1 in Conjurations
 59469 | Spider:2 | Mangled by a jumping spider

Illustrated notes

Levels and vault maps discovered:
D:1:      sevenhm_arrival_forest_fort_small_5, layout_basic, serial_shops, shop,
          minmay_gold_behind_fungi
D:2:      layout_basic, uniq_crazy_yiuf_cottage, uniq_jessica, uniq_sigmund
D:3:      layout_loops_ring, uniq_terence
D:4:      layout_cave_pools, grunt_temple_overflow_champion_of_chaos,
          minmay_temple_entry_glassed_door, serial_column_ruins,
          column_ruins_square_huge, column_ruins_grid_5, column_ruins_grid_3,
          column_ruins_open_medium, column_ruins_columns_water,
          column_ruins_corridor_corner, minmay_pentomino_pile, uniq_menkaure,
          uniq_edmund
D:5:      layout_rooms, guppyfry_shop_venom
D:6:      layout_basic, mainiacjoe_overflow_alcove_1, uniq_prince_ribbit1
D:7:      layout_gridville, serial_shops, shop,
          minmay_fractal_squares_diagonal_5
D:8:      layout_loops_corners, slow_altar_1
D:9:      layout_cave_pools, lair_entry_dummy, enter_bailey_3,
          minmay_three_doors, uniq_grum, uniq_joseph
D:10:     layout_loops_ring, kennysheep_mini_moat, grunt_temple_overflow_open,
          hangedman_incinerator
D:11:     layout_roguey, david_orc_4, grunt_decor_junction
D:12:     layout_basic, uniq_frances
D:13:     layout_roguey, david_vaults_3
D:14:     layout_roguey [special_room_bee], chequers_garden, serial_shops,
          nicolae_shop_hallway_plus, lemuel_zombie_altar_kikubaaqudgha,
          uniq_louise
D:15:     hangedman_depths_entry_try_elsewhere_first, layout_stronghold,
          minmay_misc_feat_more_columns
Temple:   dpeg_chambers_temple
Lair:1:   layout_layer_cave, nicolae_lair_lindhole, serial_bayou_shore_b,
          uniq_harold
Lair:2:   lemuel_ratsnest, layout_long_grid, spider_nest_entry_web_field,
          cheibrodos_lair_reptile_den
Lair:3:   layout_cellular_growth, nicolae_swamp_entry_spooky,
          infiniplex_staircase_pool_2
Lair:4:   layout_gridlike, nicolae_quartered_pool_impasse, uniq_nessos
Lair:5:   grunt_lair_end_beastmaster, layout_small_grid, slime_entry_1,
          grunt_megastairs_2
Swamp:1:  layout_basic_swamp, infiniplex_staircase_pool, swamp_pool1
Swamp:2:  layout_basic_swamp, evilmike_swamp_ruin_rubble_1, uniq_aizul
Swamp:3:  layout_basic_swamp, nicolae_swamp_big_swirl, swamp_pool5, uniq_jorgrun
Swamp:4:  swamp, layout_basic_swamp
Spider:1: layout_spider_delve, nicolae_spider_webs_and_nodes, uniq_agnes
Spider:2: layout_spider_delve, ebering_ghost_inner_flame, special_room
Orc:1:    layout_caves, basic_altar, serial_shops,
          nicolae_shop_competitors_out_of_business, bh_open_orc_temple
Orc:2:    st_orc_elflike, layout_caves, uniq_rupert, uniq_snorg

Skill      XL: |  1  2  3  4  5  6  7  8  9 10 11 12 13 14 15 16 17 |
---------------+----------------------------------------------------+-----
Ice Magic      | 5 6 7 8 9 10 11 13 15 17 18 | 18.8
Polearms       | 3 6 7 10 12 15 16 18 | 18.1
Dodging        | 6 7 11 12 13 | 13.7
Summonings     | 4 6 |  6.2
Fighting       | 6 7 9 10 12 | 12.8
Armour         | 5 7 |  7.2
Evocations     | 5 6 |  6.9
Hexes          | 5 |  5.6
Spellcasting   | 4 5 |  5.7
Shields        | 11 | 11.0
Transmutations | 3 |  3.2
Conjurations   | 1 |  1.9
Stealth        | |  2.1

Action                     |  1- 3 |  4- 6 |  7- 9 | 10-12 | 13-15 | 16-18 || total
---------------------------+-------+-------+-------+-------+-------+-------++-------
  Melee: Unarmed           |     8 |       |       |       |       |    35 ||    43
         Dagger            |     6 |     7 |    30 |       |       |       ||    43
         Punch             |     1 |     1 |     7 |       |       |     1 ||    10
         Spear             |       |    60 |   286 |       |       |       ||   346
         Halberd           |       |       |     2 |   456 |    31 |       ||   489
         Tailslap          |       |       |       |     2 |    26 |    21 ||    49
         Bardiche          |       |       |       |       |   252 |   368 ||   620
         Lajatang          |       |       |       |       |   814 |    10 ||   824
         Demon trident     |       |       |       |       |       |   501 ||   501
  Throw: Javelin           |       |       |       |       |     4 |       ||     4
         Dart              |       |       |       |       |     1 |       ||     1
   Cast: Freeze            |    48 |    57 |    55 |    35 |    20 |    13 ||   228
         Frozen Ramparts   |       |     8 |    24 |    75 |    90 |    39 ||   236
         Ozocubu's Armour  |       |     2 |    31 |    69 |   145 |    94 ||   341
         Summon Ice Beast  |       |       |       |    28 |    84 |    57 ||   169
         Metabolic Englaci |       |       |       |       |    18 |    24 ||    42
         Ozocubu's Refrige |       |       |       |       |       |    45 ||    45
 Invoke: Potion Petition   |       |       |       |     2 |     7 |     4 ||    13
         Call Merchant     |       |       |       |       |     1 |     1 ||     2
  Evoke: Wand              |       |     7 |       |     7 |    12 |    10 ||    36
         Phantom mirror    |       |       |       |       |     2 |     1 ||     3
    Use: Scroll            |     3 |     6 |     4 |     7 |    15 |     7 ||    42
         Potion            |       |       |       |       |     5 |     3 ||     8
   Stab: Sleeping          |       |     4 |       |     2 |       |     5 ||    11
         Distracted        |       |       |     1 |     5 |     8 |     8 ||    22
         Invisible         |       |       |       |       |     1 |       ||     1
         Confused          |       |       |       |       |       |     2 ||     2
 Armour: Robe              |     4 |    32 |   102 |   119 |       |       ||   257
         Ring mail         |       |       |       |       |   363 |   471 ||   834
         Scale mail        |       |       |       |       |     2 |       ||     2
  Dodge: Dodged            |    26 |    63 |   211 |   399 |   844 |   999 ||  2542
  Block: Other             |       |       |       |       |   142 |   162 ||   304
         Reflection        |       |       |       |       |     5 |    12 ||    17
         Buckler           |       |       |       |       |       |   422 ||   422

Table legend: (Time is in decaauts)
 A = Elapsed time spent in this place.
 B = Non-inter-level travel time spent in this place.
 C = Inter-level travel time spent in this place.
 D = Time resting spent in this place.
 E = Time spent auto-exploring this place.
 F = Levels seen in this place.
 G = Mean time per level.
                   A        B        C        D        E       F      G
               +--------+--------+--------+--------+--------+-----+--------+
         Total |  58368 |  51118 |   7250 |  24950 |  13873 |  30 | 1945.6 |
       Dungeon |  25295 |  21349 |   3946 |   8214 |   7483 |  15 | 1686.3 |
        Temple |    280 |    206 |     74 |      0 |    192 |   1 |  280.0 |
          Lair |  12671 |  10609 |   2062 |   4947 |   3378 |   5 | 2534.2 |
         Swamp |  13020 |  12540 |    480 |   8986 |   1354 |   4 | 3255.0 |
   Spider Nest |   2756 |   2527 |    229 |   1197 |    721 |   2 | 1378.0 |
  Orcish Mines |   3695 |   3237 |    458 |   1410 |    696 |   2 | 1847.5 |
        Bailey |    647 |    647 |      0 |    194 |     47 |   1 |  647.0 |
               +--------+--------+--------+--------+--------+-----+--------+

Top non-repeatable levels by time:
 Swamp:3: 5178 daAuts
 Swamp:1: 3795 daAuts
  Lair:2: 3584 daAuts
  Lair:3: 3002 daAuts
 Swamp:4: 2843 daAuts
  Lair:1: 2755 daAuts
Spider:1: 2614 daAuts
    D:13: 2369 daAuts
    D:11: 2323 daAuts
     D:8: 2298 daAuts
    D:15: 2291 daAuts
    D:12: 2197 daAuts
  Lair:5: 2176 daAuts
     D:3: 1961 daAuts
   Orc:1: 1953 daAuts
